SL
HOUSTON 1837 BBC @ THUNDER BAY NORTHERN LIONS BC
05/21/2037
 
TOP OF THE 1ST
Houston 1837 BBC batting - Pitching for Thunder Bay Northern Lions BC : RHP Domingo Ramírez
Pitching: RHP Domingo Ramírez
Batting: RHB Krystof Melichar 0-0: Ball
1-0: SINGLE (Line Drive, 89S, EV 98.8 MPH)
Batting: RHB Eugene Bennett 0-0: Ball
Krystof Melichar is caught stealing 2nd base 2-4
1-0: Ball
2-0: Fly out, F4 (Line Drive, 4, EV 71.2 MPH)
Batting: LHB Javier Seco 0-0: Called Strike
0-1: Swinging Strike
0-2: Ball
1-2: Ball
2-2: Foul Ball, location: 2F
2-2: DOUBLE (Flyball, 78XD, EV 115.0 MPH)
Batting: RHB Joey Trifone 0-0: Ball
1-0: Foul Ball, location: 2F
1-1: Ball
2-1: Foul Ball, location: 2F
2-2: Ball
3-2: Ground out 5-3 (Groundball, 5, EV 94.4 MPH)
Top of the 1st over - 0 runs, 2 hits, 0 errors, 1 left on base; Houston 0 - Thunder Bay 0
BOTTOM OF THE 1ST
Thunder Bay Northern Lions BC batting - Pitching for Houston 1837 BBC : RHP Gus Osborne
Pitching: RHP Gus Osborne
Batting: LHB Barry Flauker 0-0: Ball
1-0: SINGLE (Flyball, 56D, EV 95.6 MPH)
Batting: LHB Ramón Padilla 0-0: Called Strike
0-1: Ball
1-1: Ball
2-1: SINGLE (Groundball, 6D, EV 96.9 MPH)
Barry Flauker to second
Batting: LHB Jorge Herrera 0-0: Fly out, F4 (Flyball, 34D, EV 76.2 MPH)
Batting: LHB Sébastien Cornu 0-0: 3-RUN HOME RUN (Flyball, 9D, EV 100.0 MPH), Distance : 352 ft
Batting: RHB Domingo Altamirańo 0-0: Called Strike
0-1: Swinging Strike
0-2: Ball
1-2: Strikes out swinging, 2-3 out at first.
Batting: RHB Jason Slaybaugh 0-0: Called Strike
0-1: Fly out, F9 (Line Drive, 9LD, EV 110.6 MPH)
Bottom of the 1st over - 3 runs, 3 hits, 0 errors, 0 left on base; Houston 0 - Thunder Bay 3
TOP OF THE 2ND
Houston 1837 BBC batting - Pitching for Thunder Bay Northern Lions BC : RHP Domingo Ramírez
Batting: RHB Jon Osterman 0-0: Called Strike
0-1: Swinging Strike
0-2: Foul Ball, location: 2F
0-2: Strikes out looking
Batting: LHB Owen Sharts 0-0: Ground out 1-3 (Groundball, 13, EV 85.6 MPH)
Batting: RHB Komotay Koffie 0-0: Ball
1-0: Called Strike
1-1: Ball
2-1: Ball
3-1: SINGLE (Line Drive, 78S, EV 110.6 MPH)
Batting: RHB Juan Chávez 0-0: Called Strike
0-1: Ball
1-1: SINGLE (Groundball, 4MD, EV 93.8 MPH)
Komotay Koffie to second
Batting: RHB Min-gook Ch'oe 0-0: Swinging Strike
Passed Ball!
Komotay Koffie to third
Juan Chávez to second
0-1: Swinging Strike
0-2: Strikes out swinging
Top of the 2nd over - 0 runs, 2 hits, 0 errors, 2 left on base; Houston 0 - Thunder Bay 3
BOTTOM OF THE 2ND
Thunder Bay Northern Lions BC batting - Pitching for Houston 1837 BBC : RHP Gus Osborne
Batting: RHB Joe Aller 0-0: Swinging Strike
0-1: Ball
1-1: Ground out 4-3 (Groundball, 4, EV 86.2 MPH)
Batting: SHB Robert La Caze 0-0: Foul Ball, location: 2F
0-1: Fly out, F5 (Popup, 5F, EV 62.5 MPH)
Batting: RHB Rafael Pueblo 0-0: Ball
1-0: Called Strike
1-1: Foul Ball, location: 2F
1-2: Foul Ball, location: 2F
1-2: Ball
2-2: SINGLE (Line Drive, 8LS, EV 102.5 MPH)
Batting: LHB Barry Flauker 0-0: Ball
Rafael Pueblo steals 2nd base
1-0: Foul Ball, location: 2F
1-1: Ball
2-1: Swinging Strike
2-2: Ball
3-2: Strikes out looking
Bottom of the 2nd over - 0 runs, 1 hit, 0 errors, 1 left on base; Houston 0 - Thunder Bay 3
TOP OF THE 3RD
Houston 1837 BBC batting - Pitching for Thunder Bay Northern Lions BC : RHP Domingo Ramírez
Batting: RHB Krystof Melichar 0-0: Ball
1-0: DOUBLE (Line Drive, 78D, EV 108.8 MPH)
Batting: RHB Eugene Bennett 0-0: Ball
1-0: SINGLE (Line Drive, 89S, EV 99.4 MPH)
Krystof Melichar to third
Runner from 3rd tries for Home, SAFE, no throw by RF
Batting: LHB Javier Seco 0-0: Ball
Eugene Bennett steals 2nd base
1-0: Called Strike
1-1: Fly out, F3 (Popup, 3S, EV 82.5 MPH)
Batting: RHB Joey Trifone 0-0: Foul Ball, location: 2F
0-1: Fly out, F8 (Line Drive, 8RM, EV 90.0 MPH)
Batting: RHB Jon Osterman 0-0: Called Strike
0-1: Ball
1-1: Called Strike
1-2: Strikes out swinging, 2-3 out at first.
Top of the 3rd over - 1 run, 2 hits, 0 errors, 1 left on base; Houston 1 - Thunder Bay 3
BOTTOM OF THE 3RD
Thunder Bay Northern Lions BC batting - Pitching for Houston 1837 BBC : RHP Gus Osborne
Batting: LHB Ramón Padilla 0-0: Ball
1-0: Ball
2-0: SINGLE (Groundball, 4MD, EV 96.2 MPH)
Batting: LHB Jorge Herrera 0-0: Ball
Ramón Padilla steals 2nd base
1-0: Foul Ball, location: 2F
1-1: Swinging Strike
1-2: Ball
2-2: Ball
3-2: Strikes out swinging
Batting: LHB Sébastien Cornu 0-0: Called Strike
Ramón Padilla is caught stealing 3rd base 2-5
0-1: Called Strike
0-2: Foul Ball, location: 2F
0-2: Ball
1-2: Ball
2-2: Ball
3-2: Ground out 4-3 (Groundball, 4, EV 81.2 MPH)
Bottom of the 3rd over - 0 runs, 1 hit, 0 errors, 0 left on base; Houston 1 - Thunder Bay 3
TOP OF THE 4TH
Houston 1837 BBC batting - Pitching for Thunder Bay Northern Lions BC : RHP Domingo Ramírez
Batting: LHB Owen Sharts 0-0: Ball
1-0: SINGLE (Groundball, 6MD, EV 97.5 MPH)
Batting: RHB Komotay Koffie 0-0: Ball
Wild Pitch!
Owen Sharts to second
1-0: Called Strike
1-1: Ground out 6-3 (Groundball, 6, EV 89.4 MPH)
Owen Sharts to third
Batting: RHB Juan Chávez 0-0: Ball
1-0: Ball
2-0: SINGLE (Groundball, 4MD, EV 95.0 MPH)
Owen Sharts scores
Batting: RHB Min-gook Ch'oe 0-0: Fly out, F9 (Line Drive, 9, EV 88.1 MPH)
Batting: RHB Krystof Melichar 0-0: Called Strike
0-1: Called Strike
0-2: Ball
1-2: Ball
2-2: SINGLE (Line Drive, 56, EV 101.9 MPH)
Juan Chávez to second
Batting: RHB Eugene Bennett 0-0: Called Strike
0-1: Swinging Strike
0-2: Fielders Choice at 2nd, 6-4 (Groundball, 6, EV 105.0 MPH)
Top of the 4th over - 1 run, 3 hits, 0 errors, 2 left on base; Houston 2 - Thunder Bay 3
BOTTOM OF THE 4TH
Thunder Bay Northern Lions BC batting - Pitching for Houston 1837 BBC : RHP Gus Osborne
Batting: RHB Domingo Altamirańo 0-0: Called Strike
0-1: Called Strike
0-2: Ground out 5-3 (Groundball, 56S, EV 68.1 MPH)
Batting: RHB Jason Slaybaugh 0-0: Swinging Strike
0-1: Ground out 4-3 (Groundball, 4, EV 90.6 MPH)
Batting: RHB Joe Aller 0-0: Reached via error on a dropped throw from 1B, E1 (Groundball, 34, EV 100.0 MPH)
Batting: SHB Robert La Caze 0-0: Foul Ball, location: 2F
0-1: Foul Ball, location: 2F
0-2: Strikes out looking
Bottom of the 4th over - 0 runs, 0 hits, 1 error, 1 left on base; Houston 2 - Thunder Bay 3
TOP OF THE 5TH
Houston 1837 BBC batting - Pitching for Thunder Bay Northern Lions BC : RHP Domingo Ramírez
Batting: LHB Javier Seco 0-0: Ball
1-0: Foul Ball, location: 2F
1-1: Ball
2-1: Ball
3-1: Fly out, F7 (Flyball, 78S, EV 83.1 MPH)
Batting: RHB Joey Trifone 0-0: Ball
1-0: Called Strike
1-1: Ball
2-1: Ball
3-1: DOUBLE (Line Drive, 8LXD, EV 105.0 MPH)
Batting: RHB Jon Osterman 0-0: Called Strike
0-1: Swinging Strike
0-2: Strikes out swinging
Batting: LHB Owen Sharts 0-0: Called Strike
0-1: Foul Ball, location: 2F
0-2: SINGLE (Line Drive, 89M, EV 88.1 MPH)
Joey Trifone to third
Runner from 3rd tries for Home, SAFE, throw by CF to home
Batting: RHB Komotay Koffie 0-0: Called Strike
0-1: Ball
Owen Sharts is caught stealing 2nd base 2-4
Top of the 5th over - 1 run, 2 hits, 0 errors, 0 left on base; Houston 3 - Thunder Bay 3
BOTTOM OF THE 5TH
Thunder Bay Northern Lions BC batting - Pitching for Houston 1837 BBC : RHP Gus Osborne
Batting: RHB Rafael Pueblo 0-0: Ball
1-0: Called Strike
1-1: Foul Ball, location: 2F
1-2: Fly out, F9 (Flyball, 89S, EV 85.6 MPH)
Batting: LHB Barry Flauker 0-0: Ball
1-0: Ground out 4-3 (Groundball, 4S, EV 68.1 MPH)
Batting: LHB Ramón Padilla 0-0: Called Strike
0-1: Called Strike
0-2: Ball
1-2: Ball
2-2: Ball
3-2: TRIPLE (Line Drive, 78XD, EV 107.5 MPH)
Batting: LHB Jorge Herrera 0-0: Ball
1-0: Foul Ball, location: 2F
1-1: Ball
2-1: Foul Ball, location: 2F
2-2: Ball
3-2: Fly out, F8 (Flyball, 89D, EV 83.1 MPH)
Bottom of the 5th over - 0 runs, 1 hit, 0 errors, 1 left on base; Houston 3 - Thunder Bay 3
TOP OF THE 6TH
Houston 1837 BBC batting - Pitching for Thunder Bay Northern Lions BC : RHP Domingo Ramírez
Batting: RHB Komotay Koffie 0-0: Fly out, F7 (Line Drive, 7D, EV 110.0 MPH)
Batting: RHB Juan Chávez 0-0: Ball
1-0: Foul Ball, location: 2F
1-1: Foul Ball, location: 2F
1-2: Ball
2-2: Strikes out swinging
Batting: RHB Min-gook Ch'oe 0-0: Ball
1-0: Ball
2-0: Called Strike
2-1: Foul Ball, location: 2F
2-2: Foul Ball, location: 2F
2-2: Foul Ball, location: 2F
2-2: Ball
3-2: Strikes out looking
Top of the 6th over - 0 runs, 0 hits, 0 errors, 0 left on base; Houston 3 - Thunder Bay 3
BOTTOM OF THE 6TH
Thunder Bay Northern Lions BC batting - Pitching for Houston 1837 BBC : RHP Gus Osborne
Batting: LHB Sébastien Cornu 0-0: Ball
1-0: Called Strike
1-1: Foul Ball, location: 2F
1-2: Ball
2-2: Ball
3-2: Foul Ball, location: 2F
3-2: Foul Ball, location: 2F
3-2: Base on Balls
Batting: RHB Domingo Altamirańo 0-0: Ball
1-0: Ball
Sébastien Cornu is caught stealing 2nd base 2-4
2-0: Foul Ball, location: 2F
2-1: Swinging Strike
2-2: Foul Ball, location: 2F
2-2: Foul Ball, location: 2F
2-2: Foul Ball, location: 2F
2-2: Foul Ball, location: 2F
2-2: SINGLE (Flyball, 56D, EV 90.0 MPH)
Batting: RHB Jason Slaybaugh 0-0: Ball
Domingo Altamirańo steals 2nd base
1-0: Foul Ball, location: 2F
1-1: Foul Ball, location: 2F
1-2: Ball
2-2: Foul Ball, location: 2F
2-2: Ball
3-2: Foul Ball, location: 2F
3-2: Foul Ball, location: 2F
3-2: Foul Ball, location: 2F
3-2: Foul Ball, location: 2F
3-2: Foul Ball, location: 2F
3-2: Fly out, F9 (Line Drive, 9, EV 85.0 MPH)
Pitching: RHP Edmond McCord
Batting: RHB Joe Aller 0-0: Swinging Strike
0-1: Foul Ball, location: 2F
0-2: Ball
1-2: Ball
2-2: Ball
3-2: Foul Ball, location: 2F
3-2: Foul Ball, location: 2F
3-2: Base on Balls
Batting: SHB Robert La Caze 0-0: Ball
1-0: Foul Ball, location: 2F
1-1: Ground out U3 (Groundball, 34, EV 77.5 MPH)
Bottom of the 6th over - 0 runs, 1 hit, 0 errors, 2 left on base; Houston 3 - Thunder Bay 3
TOP OF THE 7TH
Houston 1837 BBC batting - Pitching for Thunder Bay Northern Lions BC : RHP Domingo Ramírez
Pitching: LHP Peace Addo
Batting: RHB Krystof Melichar 0-0: Ground out 1-3 (Groundball, 13, EV 73.8 MPH)
Batting: RHB Eugene Bennett 0-0: Ball
1-0: Ball
2-0: Foul Ball, location: 2F
2-1: Swinging Strike
2-2: Ball
3-2: Foul Ball, location: 2F
3-2: DOUBLE (Flyball, 8LD, EV 111.2 MPH)
Batting: LHB Javier Seco 0-0: SINGLE (Flyball, 78S, EV 96.2 MPH)
Eugene Bennett to third
Batting: RHB Joey Trifone 0-0: Ball
1-0: Foul Ball, location: 2F
1-1: Ball
2-1: Swinging Strike
2-2: Fly out, F5 (Line Drive, 5, EV 65.6 MPH)
Batting: RHB Jon Osterman 0-0: Foul Ball, location: 2F
0-1: Ball
1-1: Called Strike
1-2: Foul Ball, location: 2F
1-2: SINGLE (Flyball, 89S, EV 94.4 MPH)
Eugene Bennett scores
Javier Seco to second
Runner from 2nd tries for 3rd, SAFE, throw by RF made to third
Batting: LHB Owen Sharts 0-0: Ball
1-0: Fly out, F8 (Line Drive, 8LD, EV 91.9 MPH)
Top of the 7th over - 1 run, 3 hits, 0 errors, 2 left on base; Houston 4 - Thunder Bay 3
BOTTOM OF THE 7TH
Thunder Bay Northern Lions BC batting - Pitching for Houston 1837 BBC : RHP Edmond McCord
Batting: RHB Rafael Pueblo 0-0: Ground out 6-3 (Groundball, 6, EV 90.6 MPH)
Batting: LHB Barry Flauker 0-0: Called Strike
0-1: Called Strike
0-2: Ground out U3 (Groundball, 3L, EV 83.8 MPH)
Batting: LHB Ramón Padilla 0-0: Ball
1-0: Ball
2-0: Ball
3-0: Swinging Strike
3-1: Base on Balls
Batting: LHB Jorge Herrera 0-0: Called Strike
0-1: Ball
1-1: Ball
2-1: Swinging Strike
2-2: Foul Ball, location: 2F
2-2: Foul Ball, location: 2F
2-2: Ball
3-2: Base on Balls
Ramón Padilla to second
Batting: LHB Sébastien Cornu 0-0: Ball
1-0: Foul Ball, location: 2F
1-1: Ball
2-1: Foul Ball, location: 2F
2-2: 3-RUN HOME RUN (Flyball, 7D, EV 102.5 MPH), Distance : 390 ft
Pitching: RHP Robbie Baxter
Batting: RHB Domingo Altamirańo 0-0: Foul Ball, location: 2F
0-1: Ball
1-1: Ball
2-1: SINGLE (Flyball, 78S, EV 85.0 MPH)
Batting: RHB Jason Slaybaugh 0-0: Called Strike
Domingo Altamirańo steals 2nd base
0-1: Ground out 1-3 (Groundball, 15S, EV 70.0 MPH)
Bottom of the 7th over - 3 runs, 2 hits, 0 errors, 1 left on base; Houston 4 - Thunder Bay 6
TOP OF THE 8TH
Houston 1837 BBC batting - Pitching for Thunder Bay Northern Lions BC : LHP Peace Addo
Now at 2B: Yi-da Yee
Batting: RHB Komotay Koffie 0-0: Ball
1-0: Swinging Strike
1-1: Foul Ball, location: 2F
1-2: Ball
2-2: Ball
3-2: Foul Ball, location: 2F
3-2: Base on Balls
Pitching: LHP António Muńóz
Batting: RHB Juan Chávez 0-0: Ball
1-0: Ball
2-0: Foul Ball, location: 2F
2-1: Called Strike
2-2: Strikes out looking
Batting: RHB Min-gook Ch'oe 0-0: Called Strike
0-1: Ball
Wild Pitch!
Komotay Koffie to second
1-1: Ball
2-1: Foul Ball, location: 2F
2-2: Ball
3-2: Foul Ball, location: 2F
3-2: Foul Ball, location: 2F
3-2: Foul Ball, location: 2F
3-2: Ground out 6-3 (Groundball, 6, EV 99.4 MPH)
Batting: RHB Krystof Melichar 0-0: Called Strike
0-1: Ball
1-1: Swinging Strike
1-2: Foul Ball, location: 2F
1-2: Ground out 5-3 (Groundball, 56S, EV 84.4 MPH)
Top of the 8th over - 0 runs, 0 hits, 0 errors, 1 left on base; Houston 4 - Thunder Bay 6
BOTTOM OF THE 8TH
Thunder Bay Northern Lions BC batting - Pitching for Houston 1837 BBC : RHP Robbie Baxter
Batting: RHB Joe Aller 0-0: Ball
1-0: Called Strike
1-1: Ball
2-1: Ball
3-1: Ground out 5-3 (Groundball, 56D, EV 78.8 MPH)
Batting: SHB Robert La Caze 0-0: Foul Ball, location: 2F
0-1: Foul Ball, location: 2F
0-2: Ball
1-2: Strikes out looking
Batting: RHB Rafael Pueblo 0-0: Called Strike
0-1: Ball
1-1: SINGLE (Groundball, 6M, EV 103.1 MPH)
Batting: LHB Barry Flauker 0-0: Ball
1-0: Called Strike
1-1: Ball
2-1: Ball
3-1: Ground out 1-3 (Groundball, 15S, EV 64.4 MPH)
Bottom of the 8th over - 0 runs, 1 hit, 0 errors, 1 left on base; Houston 4 - Thunder Bay 6
TOP OF THE 9TH
Houston 1837 BBC batting - Pitching for Thunder Bay Northern Lions BC : LHP António Muńóz
Batting: RHB Eugene Bennett 0-0: Ball
1-0: Ball
2-0: Ground out 6-3 (Groundball, 6, EV 81.2 MPH)
Batting: LHB Javier Seco 0-0: Ball
1-0: Called Strike
1-1: SINGLE (Groundball, 56D, EV 98.8 MPH)
Batting: RHB Joey Trifone 0-0: Ball
1-0: Foul Ball, location: 2F
1-1: Foul Ball, location: 2F
1-2: Foul Ball, location: 2F
1-2: Foul Ball, location: 2F
1-2: Ball
2-2: SINGLE (Line Drive, 7S, EV 92.5 MPH)
Javier Seco to second
Batting: RHB Jon Osterman 0-0: Ball
1-0: Ball
2-0: Swinging Strike
2-1: Swinging Strike
2-2: Ball
3-2: Foul Ball, location: 2F
3-2: Strikes out swinging
Batting: LHB Owen Sharts 0-0: Ball
1-0: Ball
2-0: Foul Ball, location: 2F
2-1: 3-RUN HOME RUN (Flyball, 89XD, EV 106.2 MPH), Distance : 406 ft
Pitching: LHP Alejandro Guerra
Batting: RHB Komotay Koffie 0-0: Called Strike
0-1: Ball
1-1: Ball
2-1: Ground out 5-3 (Groundball, 5S, EV 79.4 MPH)
Top of the 9th over - 3 runs, 3 hits, 0 errors, 0 left on base; Houston 7 - Thunder Bay 6
BOTTOM OF THE 9TH
Thunder Bay Northern Lions BC batting - Pitching for Houston 1837 BBC : RHP Robbie Baxter
Pitching: RHP José Ledezma
Now at 2B: Mike Houston
Batting: LHB Ramón Padilla 0-0: Ball
1-0: Foul Ball, location: 2F
1-1: DOUBLE (Line Drive, 5D, EV 109.4 MPH)
Batting: LHB Jorge Herrera 0-0: Ball
1-0: Ball
2-0: Ball
3-0: Base on Balls
Batting: LHB Sébastien Cornu 0-0: DOUBLE (Groundball, 3L, EV 106.2 MPH)
Ramón Padilla scores
Jorge Herrera to third
Runner from 3rd tries for Home, SAFE, throw by RF to trailing runner, SAFE at third!
Thursday, January 23rd, 2020 - OOTP Baseball 20.8 Build 74